 Dungeon Crawl Stone Soup version 0.30-a0-723-gc1506a1cf0 (webtiles) character file.

Game seed: 17853033710810004765

102 Leeroy the Grasshopper (level 4, -3/38 HPs)
             Began as a Gnoll Warper on Jan 28, 2023.
             Engulfed by an orc wizard's steam (6 damage)
             ... on level 3 of the Dungeon.
             The game lasted 00:01:59 (1947 turns).

Leeroy the Grasshopper (Gnoll Warper)               Turns: 1947, Time: 00:02:00

Health: -3/38      AC:  3    Str: 11    XL:     4   Next: 77%
Magic:  11/11      EV: 18    Int: 12    God:
Gold:   126        SH:  0    Dex: 13    Spells: 1/13 levels left

rFire   . . .      SeeInvis .    a - +0 falchion
rCold   . . .      Faith    .    (no shield)
rNeg    . . .      Spirit   .    b - +0 leather armour
rPois   .          Reflect  .    (no helmet)
rElec   .          Harm     .    (no cloak)
rCorr   .          Rampage  .    (no gloves)
Will    .....                    (no boots)
Stlth   +                        (no amulet)
HPRegen 0.26/turn                l - +5 ring of evasion
MPRegen 0.12/turn                (no ring)

@: confused, very slow
A: fangs 1, strong nose, distributed training
a: no special abilities


You were on level 3 of the Dungeon.
You visited 1 branch of the dungeon, and saw 3 of its levels.

You collected 126 gold pieces.

Inventory:

Hand Weapons
 a - a +0 falchion (weapon)
Missiles
 d - 7 boomerangs of dispersal (quivered)
Armour
 b - a +0 leather armour (worn)
Jewellery
 l - a +5 ring of evasion (left hand)
Scrolls
 c - a scroll of blinking
 e - a scroll of teleportation {unknown}
 f - 6 scrolls of identify {unknown}
 h - 3 scrolls of vulnerability {unknown}
 j - a scroll of summoning {unknown}
Potions
 g - 2 potions of brilliance {unknown}
 i - a potion of heal wounds {unknown}
 k - a potion of might {unknown}
 m - a potion of lignification {unknown}


   Skills:
 + Level 4.7 Fighting
 + Level 1.3 Short Blades
 + Level 4.7 Long Blades
 + Level 1.3 Axes
 + Level 1.3 Maces & Flails
 + Level 1.3 Polearms
 + Level 1.3 Staves
 + Level 1.3 Ranged Weapons
 + Level 2.8 Throwing
 + Level 2.8 Armour
 + Level 4.7 Dodging
 + Level 1.3 Stealth
 + Level 1.3 Shields
 + Level 1.3 Unarmed Combat
 + Level 5.1 Spellcasting
 + Level 1.0 Conjurations
 + Level 1.0 Hexes
 + Level 1.0 Summonings
 + Level 1.0 Necromancy
 + Level 5.5 Translocations
 + Level 1.0 Transmutations
 + Level 1.0 Fire Magic
 + Level 1.0 Ice Magic
 + Level 1.0 Air Magic
 + Level 1.0 Earth Magic
 + Level 1.0 Poison Magic
 + Level 1.4 Invocations
 + Level 1.3 Evocations


You had one spell level left.
You knew the following spells:

 Your Spells              Type           Power      Damage    Failure   Level
a - Blink                 Tloc           32%        N/A       4%          2
b - Vhi's Electric Charg  Tloc/Air       22%        N/A       19%         3
c - Manifold Assault      Tloc           16%        N/A       26%         4
d - Teleport Other        Tloc           16%        N/A       8%          3

Your spell library contained the following spells:

 Spells                   Type           Power      Damage    Failure   Level
 Lesser Beckoning         Tloc           32%        N/A       4%          2


Dungeon Overview and Level Annotations

Branches:
Dungeon (3/15)

Altars:


Innate Abilities, Weirdness & Mutations

You have very sharp teeth.
Your uncanny sense of smell can sniff out nearby items.
Your experience applies equally to all skills.


Message History

Moving in this stuff is going to be slow.
You are too confused!
The orc attacks as you move away! The orc hits you but does no damage.
You feel less confused.
You hit the orc but do no damage. The orc completely misses you.
You slash the orc!
You kill the orc!
You hear a splash.
Your unstable footing causes you to fumble your attack.
The orc priest barely misses you.
Your unstable footing causes you to fumble your attack.
The orc priest closely misses you.
Your unstable footing causes you to fumble your attack.
The orc wizard hits you with a +0 dagger.
You hear some strange, mumbled words.
You are confused.
You bump into the rock wall.
The orc wizard barely misses you.
A magic dart appears from out of thin air!
The magic dart hits you.
Your unstable footing causes you to fumble your attack.
The orc priest hits you with a +2 vampiric hand axe.
The orc wizard misses you. The orc priest misses you.
You're too confused to move!
The orc wizard splashes around in the water.
The orc priest barely misses you.
You closely miss the orc priest. Something hits you.
The orc wizard gestures at you while chanting.
The puff of flame hits you.
The orc priest hits you with a +2 vampiric hand axe.
The orc wizard attacks as you move away!
The orc wizard hits you with a +0 dagger.
Something hits you.
* * * LOW HITPOINT WARNING * * *
You hear some strange, mumbled words.
A puff of flame appears from out of thin air!
The puff of flame hits you!
* * * LOW HITPOINT WARNING * * *
The orc priest misses you.
Something unseen breaks down the door.
You are engulfed in a cloud of scalding steam.
You die...

.......#........#♣#..#
#.....#####..#..#..#.
#.....#.....#♣#...#♣#
+.....#...#..#..#..#.
#.....#.##♣#...#♣#...
+.......'.#..#..#..#.
#.##..##'###...#♣#...#♣#
......#{)~##.#..#..#..#.
#.#...'@oo+.#♣#...#♣#...
# #.###§~~#..#..#..#..#.
#. ##+###...#♣#...#♣# #
#....#..#..#. ∆
#......#♣#..#
#.......#.#.#
#.........#.#
#.........#.#
#.........#.#


You could see an orc priest and an orc wizard.

Vanquished Creatures
  4 gnolls
  2 adders
  2 worms (D:2)
  2 dart slugs
  An orc (D:3)
  3 bats
  4 endoplasms (D:2)
  3 goblins
  2 hobgoblins (D:2)
  4 kobolds
  3 quokkas (D:1)
  2 ball pythons
  A frilled lizard (D:2)
  A rat (D:1)
34 creatures vanquished.

Vanquished Creatures (others)
  3 fungi (D:2)
  2 plants (D:2)
5 creatures vanquished.

Grand Total: 39 creatures vanquished

Notes
Turn   | Place    | Note
-------+----------+-------------------------------------------
     0 | D:1      | Leeroy the Gnoll Warper began the quest for the Orb.
     0 | D:1      | Reached XP level 1. HP: 20/20 MP: 6/6
   368 | D:1      | Reached XP level 2. HP: 26/26 MP: 7/7
   766 | D:2      | Reached skill level 5 in Spellcasting
   766 | D:2      | Reached XP level 3. HP: 31/31 MP: 7/9
   980 | D:2      | Reached skill level 1 in Invocations
  1207 | D:2      | Found a faded altar of an unknown god.
  1422 | D:3      | Reached skill level 1 in Short Blades
  1422 | D:3      | Reached skill level 1 in Axes
  1422 | D:3      | Reached skill level 1 in Maces & Flails
  1422 | D:3      | Reached skill level 1 in Polearms
  1422 | D:3      | Reached skill level 1 in Staves
  1422 | D:3      | Reached skill level 1 in Ranged Weapons
  1422 | D:3      | Reached skill level 1 in Stealth
  1422 | D:3      | Reached skill level 1 in Shields
  1422 | D:3      | Reached skill level 1 in Unarmed Combat
  1422 | D:3      | Reached skill level 1 in Evocations
  1464 | D:2      | Reached XP level 4. HP: 5/38 MP: 11/11
  1703 | D:2      | Reached skill level 1 in Conjurations
  1703 | D:2      | Reached skill level 1 in Hexes
  1703 | D:2      | Reached skill level 1 in Summonings
  1703 | D:2      | Reached skill level 1 in Necromancy
  1703 | D:2      | Reached skill level 1 in Transmutations
  1703 | D:2      | Reached skill level 1 in Fire Magic
  1703 | D:2      | Reached skill level 1 in Ice Magic
  1703 | D:2      | Reached skill level 1 in Air Magic
  1703 | D:2      | Reached skill level 1 in Earth Magic
  1703 | D:2      | Reached skill level 1 in Poison Magic
  1781 | D:3      | Learned a level 2 spell: Blink
  1785 | D:3      | Learned a level 3 spell: Vhi's Electric Charge
  1790 | D:3      | Learned a level 4 spell: Manifold Assault
  1794 | D:3      | Learned a level 3 spell: Teleport Other
  1947 | D:3      | Engulfed by an orc wizard's steam

Illustrated notes

Levels and vault maps discovered:
D:1:      roderic_chinese_lattice_arrival, layout_basic
D:2:      layout_loops_ring, shapermc_ecumenical_altar_petra
D:3:      layout_basic, minmay_liquid_box, minmay_strange_pillars,
          kennysheep_doodads, minmay_misc_feat_square

Skill      XL: |  1  2  3  4 |
---------------+-------------+-----
Spellcasting   | 5 |  5.1
Invocations    | 1 |  1.4
Short Blades   | 1 |  1.3
Axes           | 1 |  1.3
Maces & Flails | 1 |  1.3
Polearms       | 1 |  1.3
Staves         | 1 |  1.3
Ranged Weapons | 1 |  1.3
Stealth        | 1 |  1.3
Shields        | 1 |  1.3
Unarmed Combat | 1 |  1.3
Evocations     | 1 |  1.3
Conjurations   | 1 |  1.0
Hexes          | 1 |  1.0
Summonings     | 1 |  1.0
Necromancy     | 1 |  1.0
Transmutations | 1 |  1.0
Fire Magic     | 1 |  1.0
Ice Magic      | 1 |  1.0
Air Magic      | 1 |  1.0
Earth Magic    | 1 |  1.0
Poison Magic   | 1 |  1.0
Fighting       | |  4.7
Long Blades    | |  4.7
Throwing       | |  2.8
Armour         | |  2.8
Dodging        | |  4.7
Translocations | |  5.5

Action                     |  1- 3 |  4- 6 || total
---------------------------+-------+-------++-------
  Melee: Falchion          |   104 |    36 ||   140
         Bite              |    14 |       ||    14
         Punch             |       |     1 ||     1
   Stab: Sleeping          |     1 |       ||     1
 Armour: Leather armour    |    17 |     4 ||    21
  Dodge: Dodged            |    64 |    32 ||    96

Table legend: (Time is in decaauts)
 A = Elapsed time spent in this place.
 B = Non-inter-level travel time spent in this place.
 C = Inter-level travel time spent in this place.
 D = Time resting spent in this place.
 E = Time spent auto-exploring this place.
 F = Levels seen in this place.
 G = Mean time per level.
                   A        B        C        D        E       F      G
               +--------+--------+--------+--------+--------+-----+--------+
         Total |   1961 |   1918 |     43 |    269 |   1275 |   3 |  653.7 |
       Dungeon |   1961 |   1918 |     43 |    269 |   1275 |   3 |  653.7 |
               +--------+--------+--------+--------+--------+-----+--------+

Top non-repeatable levels by time:
     D:2: 1074 daAuts
     D:1: 622 daAuts
     D:3: 264 daAuts
